 Dungeon Sprint DCSS version 0.22-a0-369-gc73351f (webtiles) character file.

283367 Kidiri the Unseen (level 13, 69/69 HPs)
             Began as a Spriggan Enchanter on Apr 24, 2018.
             Was the Champion of Dithmenos.
             Escaped with the Orb!
             The game lasted 00:28:24 (3998 turns).

Kidiri the Unseen (Spriggan Enchanter)              Turns: 3998, Time: 00:28:25

Health: 69/69      AC: 10    Str:  6    XL:     13   Next: 14%
Magic:  34/34      EV: 35    Int: 16    God:    Dithmenos [******]
Gold:   2151       SH: 10    Dex: 23    Spells: 8/45 levels left

rFire    + . .     SeeInvis +   k - +8 quick blade of Demand {freeze, rN++ Int-3 Dex+4}
rCold    . . .     Gourm    .   m - +2 buckler
rNeg     + + .     Faith    .   i - +3 troll leather armour
rPois    .         Spirit   .   s - +0 mask of the Dragon {MR+ Slay+3 SInv}
rElec    .         Reflect  .   o - scarf {repulsion}
rCorr    .         Harm     .   (gloves unavailable)
MR       +++..     NoTele   +   (boots unavailable)
Stlth    +++++.....             l - amulet of magic regeneration
HPRegen  0.61/turn              c - +2 ring of protection
MPRegen  0.49/turn              v - ring of fire

@: wreathed by umbra, studying Armour, repel missiles, very quick
A: very small, unfitting armour, see invisible, cold resistance 1, herbivore,
speed 3, slow metabolism 2, strong 1
0: Orb of Zot
a: Shadow Step, Shadow Form, Renounce Religion


You escaped.
You worshipped Dithmenos.
Dithmenos was exalted by your worship.
You were not hungry.

You visited 1 branch You collected 5597 gold pieces.
You spent 3446 gold pieces at shops.

Inventory:

Hand Weapons
 a - a +3 dagger
 k - the +8 quick blade of Demand (weapon) {freeze, rN++ Int-3 Dex+4}
   (You acquired it in the Dungeon)

   It has been specially enchanted to freeze those struck by it, causing extra
   injury to most foes and up to half again as much damage against particularly
   susceptible opponents.
   It can also slow down cold-blooded creatures.
   It affects your intelligence (-3).
   It affects your dexterity (+4).
   It greatly protects you from negative energy.
Armour
 b - a +1 robe
 i - a +3 troll leather armour (worn)
 m - a +2 buckler (worn)
 o - a scarf of repulsion (worn)
 s - the +0 mask of the Dragon (worn) {MR+ Slay+3 SInv}
   (You acquired it in the Dungeon)

   It affects your accuracy and damage with ranged weapons and melee attacks
   (+3).
   It affects your resistance to hostile enchantments.
   It lets you see invisible.
Jewellery
 c - a +2 ring of protection (left hand)
 l - an amulet of magic regeneration (around neck)
 t - an uncursed amulet of faith
 v - a ring of fire (right hand)
Scrolls
 f - 3 scrolls of identify
 j - 3 scrolls of blinking
 p - a scroll of fear
 q - a scroll of remove curse
 r - a scroll of magic mapping
 u - 2 scrolls of amnesia
 w - 3 scrolls of fog
Potions
 e - 7 potions of curing
 g - 2 potions of haste
 h - 2 potions of magic
 n - a potion of berserk rage
 z - 2 potions of heal wounds
 A - a potion of brilliance
 B - a potion of flight
Books
 x - a manual of Armour
Comestibles
 d - 3 rations


   Skills:
 + Level 8.7 Fighting
 * Level 15.1 Short Blades
 + Level 8.0 Armour
 * Level 19.1 Dodging
 * Level 20.4 Stealth
 + Level 5.1 Shields
 * Level 16.5 Spellcasting
 + Level 12.6 Hexes
 + Level 7.6 Charms
 + Level 7.6 Translocations
 + Level 6.9 Transmutations
 + Level 4.7 Earth Magic


You had 8 spell levels left.
You knew the following spells:

 Your Spells              Type           Power        Failure   Level  Hunger
a - Corona                Hex            ######.      1%          1    None
b - Ensorcelled Hibernat  Hex/Ice        ####..       1%          2    None
c - Confuse               Hex            ######..     1%          3    None
d - Tukima's Dance        Hex            ######..     1%          3    None
e - Dazzling Spray        Conj/Hex       ####..       1%          3    None
f - Passwall              Tmut/Erth      ####......   1%          2    None
g - Swiftness             Chrm/Air       ####....     2%          2    None
h - Passage of Golubria   Tloc           N/A          3%          4    None
i - Lee's Rapid Deconstr  Erth           ####......   30%         5    ####...
j - Invisibility          Hex            ######..     7%          6    #####..
k - Darkness              Hex            ######....   7%          6    #####..


Dungeon Overview and Level Annotations

Branches:
Dungeon (1/1)

Altars:
Cheibriados
Dithmenos
Elyvilon
Fedhas
Gozag
Hepliaklqana
Kikubaaqudgha
Makhleb
Nemelex Xobeh
Okawaru
Qazlal
Ru
Sif Muna
Trog
Uskayaw
Vehumet
Wu Jian
Xom
Yredelemnul
Zin
The Shining One
Jiyva
Lugonu

Shops:
D *(=%}**[*(=*[?:(:*[[(!

Annotations:
D Tiamat


Innate Abilities, Weirdness & Mutations

You are very small and have problems with some larger weapons.
You are too small for most types of armour.
You have supernaturally acute eyesight. (SInv)
You are a herbivore.
You cover ground extremely quickly.
You need to consume almost no food.
Your flesh is cold resistant. (rC+)
Your muscles are strong. (Str +2)


Message History

You close the door.
There is an open door here.
You close the door.
There is an open door here.
You close the door.
There is an open door here.
You close the door.
There is an open door here.
You close the door.
Things that are here:
a +0 robe; a scythe
There is an open door here.
You see here a giant club.
You close the door.
There is an open door here.
You close the door.
There is an open door here.
You close the door.
There is a staircase leading out of the dungeon here.
You have escaped!

##################
#@.#..+..#..+..#__
#..+..#.)+[.#..+..
#..#####+#####+#__
#..####..#...#.###
#..#__####..##.#§§
#).#_____##+#_.+§≈
#⌠⌠#_.∩...+..)_#≈§
####_..__##_(#+##+
#..#_____###+#[#))


There were no monsters in sight!

Vanquished Creatures
  A golden dragon (D)
  A shadow dragon (D)
  4 fire giants (D)
  A lorocyproca (D)
  A deep elf annihilator (D)
  A mummy priest (D)
  A hydra (D)
  2 centaur warriors (D)
  Sonja (D)
  7 unseen horrors (D)
  A deep troll (D)
  A lindwurm (D)
  8 shining eyes (D)
  2 oklob plants (D)
  A merfolk siren (D)
  A gargoyle (D)
  2 kobold demonologists (D)
  4 demonic crawlers (D)
  A hellwing (D)
  3 hornets (D)
  A slime creature (D)
  2 redbacks (D)
  Sigmund (D)
  A yak (D)
  13 hogs (D)
  7 floating eyes (D)
  7 necrophages (D)
  An ogre (D)
  8 jellies (D)
  Ijyb (D)
  5 ballistomycetes (D)
91 creatures vanquished.

Vanquished Creatures (others)
  the Lernaean hydra (D)
  A merfolk siren (D)
  A gargoyle (D)
  2 hornets (D)
  2 ballistomycete spores (D)
7 creatures vanquished.

Grand Total: 98 creatures vanquished

Notes
Turn   | Place    | Note
-------+----------+-------------------------------------------
     0 | D        | Kidiri the Spriggan Enchanter began the quest for the Orb.
     0 | D        | Reached XP level 1. HP: 9/9 MP: 5/5
     2 | D        | Noticed Ijyb
    19 | D        | Killed Ijyb
    19 | D        | Reached skill level 1 in Fighting
    19 | D        | Reached skill level 5 in Stealth
    19 | D        | Reached XP level 2. HP: 14/14 MP: 3/7
    62 | D        | Learned a level 2 spell: Ensorcelled Hibernation
    63 | D        | Noticed an ogre
    65 | D        | Killed an ogre
    65 | D        | Reached skill level 1 in Armour
    65 | D        | Reached skill level 7 in Stealth
    65 | D        | Reached skill level 5 in Spellcasting
    65 | D        | Reached XP level 3. HP: 17/18 MP: 7/10
    65 | D        | Reached XP level 4. HP: 22/23 MP: 8/12
    82 | D        | Learned a level 3 spell: Confuse
    86 | D        | Learned a level 3 spell: Tukima's Dance
    90 | D        | Learned a level 3 spell: Dazzling Spray
   101 | D        | Noticed Sigmund
   103 | D        | Killed Sigmund
   103 | D        | Reached skill level 5 in Short Blades
   103 | D        | Reached skill level 9 in Stealth
   103 | D        | Reached skill level 5 in Hexes
   103 | D        | Reached XP level 5. HP: 28/28 MP: 11/15
   145 | D        | Found a deep blue altar of Sif Muna.
   146 | D        | Found an ornate altar of the Wu Jian Council.
   147 | D        | Found a radiant altar of Vehumet.
   151 | D        | Reached XP level 6. HP: 32/32 MP: 16/16
   188 | D        | Found Nufurhur's Food Emporium.
   188 | D        | Found an ancient bone altar of Kikubaaqudgha.
   188 | D        | Found a hazy altar of Hepliaklqana.
   188 | D        | Found a stormy altar of Qazlal.
   188 | D        | Found a hide-covered altar of Uskayaw.
   188 | D        | Found a blossoming altar of Fedhas.
   188 | D        | Found a bloodstained altar of Trog.
   188 | D        | Found an iron altar of Okawaru.
   188 | D        | Found a basalt altar of Yredelemnul.
   188 | D        | Found a glowing golden altar of the Shining One.
   188 | D        | Found a snail-covered altar of Cheibriados.
   188 | D        | Found a sacrificial altar of Ru.
   188 | D        | Found a glowing silver altar of Zin.
   188 | D        | Found a shadowy altar of Dithmenos.
   188 | D        | Found a white marble altar of Elyvilon.
   188 | D        | Noticed a yak
   189 | D        | Found an opulent altar of Gozag.
   190 | D        | Killed a yak
   190 | D        | Reached skill level 10 in Stealth
   191 | D        | Found a sparkling altar of Nemelex Xobeh.
   197 | D        | Became a worshipper of Dithmenos the Shadowed
   215 | D        | Found a viscous altar of Jiyva.
   215 | D        | Found a corrupted altar of Lugonu.
   215 | D        | Noticed a slime creature
   216 | D        | Found a burning altar of Makhleb.
   216 | D        | Found a shimmering altar of Xom.
   218 | D        | Killed a slime creature
   218 | D        | Reached skill level 10 in Dodging
   218 | D        | Reached skill level 11 in Stealth
   218 | D        | Reached XP level 7. HP: 37/37 MP: 17/19
   244 | D        | Noticed Sonja
   255 | D        | Killed Sonja
   255 | D        | Reached skill level 12 in Stealth
   255 | D        | Reached XP level 8. HP: 42/42 MP: 13/22
   274 | D        | Found Diwny's General Store.
   282 | D        | Bought a +2 ring of protection for 130 gold pieces
   319 | D        | Noticed a deep troll
   323 | D        | Killed a deep troll
   323 | D        | Reached * piety under Dithmenos
   323 | D        | Reached skill level 13 in Stealth
   323 | D        | Reached skill level 10 in Spellcasting
   333 | D        | Found Papnyr's Armour Emporium.
   395 | D        | Noticed a centaur warrior
   395 | D        | Noticed a centaur warrior
   398 | D        | Killed a centaur warrior
   398 | D        | Reached skill level 5 in Fighting
   398 | D        | Reached skill level 14 in Stealth
   398 | D        | Reached XP level 9. HP: 47/47 MP: 23/25
   399 | D        | Killed a centaur warrior
   399 | D        | Reached skill level 10 in Short Blades
   399 | D        | Reached skill level 5 in Armour
   414 | D        | Reached ** piety under Dithmenos
   419 | D        | Noticed an oklob plant
   442 | D        | Killed an oklob plant
   442 | D        | Reached skill level 15 in Stealth
   512 | D        | Reached XP level 10. HP: 53/53 MP: 25/27
   537 | D        | Reached *** piety under Dithmenos
   546 | D        | Noticed an unseen horror
   546 | D        | Noticed an unseen horror
   550 | D        | Killed an unseen horror
   552 | D        | Killed an unseen horror
   557 | D        | Reached **** piety under Dithmenos
   561 | D        | Reached skill level 16 in Stealth
   583 | D        | Reached ***** piety under Dithmenos
   583 | D        | Reached skill level 10 in Hexes
   603 | D        | Reached skill level 15 in Dodging
   624 | D        | Found Rofaozul's Antique Armour Shoppe.
   624 | D        | Found Fayfoumy's General Store.
   624 | D        | Found Xeippat's General Store.
   626 | D        | Found Viedough's Antique Weapon Emporium.
   626 | D        | Found Lenirewn's Jewellery Shop.
   626 | D        | Found Fuvyututi's General Store.
   626 | D        | Found Dudit's Armour Boutique.
   626 | D        | Found Giet's Magic Scroll Emporium.
   626 | D        | Found Congil's Book Shop.
   626 | D        | Found Benlora's Antique Weapon Shoppe.
   628 | D        | Bought a scroll of acquirement for 728 gold pieces
   629 | D        | Bought a glowing scarf for 160 gold pieces
   635 | D        | Bought a scroll of identify for 28 gold pieces
   635 | D        | Bought a scroll of blinking for 105 gold pieces
   636 | D        | Bought a scroll of magic mapping for 49 gold pieces
   638 | D        | Found Vedoovumm's Book Boutique.
   639 | D        | Found Peudghoe's Armour Emporium.
   639 | D        | Found Dotzawan's General Store.
   640 | D        | Found Teahiux's Weapon Emporium.
   643 | D        | Bought a scroll of enchant armour for 75 gold pieces
   643 | D        | Bought 2 scrolls of enchant weapon for 150 gold pieces
   643 | D        | Bought a scroll of remove curse for 30 gold pieces
   643 | D        | Bought a scroll of enchant armour for 75 gold pieces
   651 | D        | Bought a +0 buckler for 49 gold pieces
   654 | D        | Bought a potion of curing for 36 gold pieces
   654 | D        | Bought a potion of haste for 120 gold pieces
   654 | D        | Bought a scroll of fear for 42 gold pieces
   857 | D        | Found the +0 mask of the Dragon {MR+ Slay+3 SInv}
   857 | D        | Got an iridescent quick blade
   858 | D        | Identified the +8 quick blade of Demand {freeze, rN++ Int-3 Dex+4} (You acquired it in the Dungeon)
   897 | D        | Reached skill level 1 in Shields
   914 | D        | Reached ****** piety under Dithmenos
   934 | D        | Noticed a lindwurm
   936 | D        | Killed a lindwurm
   936 | D        | Reached skill level 17 in Stealth
   936 | D        | Reached XP level 11. HP: 58/58 MP: 29/29
  1119 | D        | Noticed a 12-headed hydra
  1121 | D        | Killed a 12-headed hydra
  1218 | D        | Noticed a lorocyproca
  1220 | D        | Killed a lorocyproca
  1220 | D        | Reached skill level 18 in Stealth
  1355 | D        | Bought a book of Burglary for 900 gold pieces
  1358 | D        | Learned a level 2 spell: Passwall
  1361 | D        | Learned a level 2 spell: Swiftness
  1366 | D        | Learned a level 4 spell: Passage of Golubria
  1372 | D        | Learned a level 5 spell: Lee's Rapid Deconstruction
  1379 | D        | Learned a level 6 spell: Invisibility
  1386 | D        | Learned a level 6 spell: Darkness
  1511 | D        | Noticed a daeva
  1514 | D        | Noticed an unseen horror
  1514 | D        | Noticed an unseen horror
  1514 | D        | Noticed an unseen horror
  1515 | D        | Noticed an unseen horror
  1517 | D        | Killed an unseen horror
  1517 | D        | Reached skill level 1 in Charms
  1517 | D        | Reached skill level 1 in Translocations
  1518 | D        | Noticed an unseen horror
  1522 | D        | Killed an unseen horror
  1522 | D        | Reached skill level 1 in Transmutations
  1523 | D        | Killed an unseen horror
  1523 | D        | Reached skill level 1 in Earth Magic
  1525 | D        | Killed an unseen horror
  1532 | D        | Killed an unseen horror
  1557 | D        | Noticed a fire giant
  1559 | D        | Noticed a fire giant
  1559 | D        | Noticed a fire giant
  1559 | D        | Noticed a fire giant
  1560 | D        | Killed a fire giant
  1560 | D        | Reached skill level 15 in Spellcasting
  1560 | D        | Reached XP level 12. HP: 64/64 MP: 26/32
  1562 | D        | Killed a fire giant
  1562 | D        | Reached skill level 19 in Stealth
  1563 | D        | Killed a fire giant
  1563 | D        | Reached skill level 5 in Charms
  1565 | D        | Killed a fire giant
  1565 | D        | Reached skill level 5 in Translocations
  1587 | D        | Noticed Tiamat
  2263 | D        | Gained mutation: You are frail. (-10% HP) [a shining eye]
  2267 | D        | Gained mutation: Your magical capacity is low. (-10% MP) [a shining eye]
  2275 | D        | Gained mutation: You are agile. (Dex +2) [a shining eye]
  2323 | D        | Reached skill level 5 in Transmutations
  2368 | D        | Found Usimeif's Weapon Shoppe.
  2368 | D        | Found Zyokut's Jewellery Emporium.
  2369 | D        | Found Zueten's Gadget Shop.
  2369 | D        | Found Megirhu's Assorted Antiques.
  2385 | D        | Bought a scroll of identify for 56 gold pieces
  2396 | D        | Bought an uncursed ring of fire for 275 gold pieces
  2527 | D        | Noticed a shadow dragon
  2527 | D        | Noticed a golden dragon
  2530 | D        | Killed a golden dragon
  2530 | D        | Reached skill level 20 in Stealth
  2532 | D        | Killed a shadow dragon
  2532 | D        | Reached skill level 5 in Shields
  2532 | D        | Reached XP level 13. HP: 62/62 MP: 25/30
  2603 | D        | Found Zuomodom's Distillery.
  2621 | D        | Bought a potion of mutation for 88 gold pieces
  2621 | D        | Bought a potion of curing for 33 gold pieces
  2621 | D        | Bought a potion of heal wounds for 55 gold pieces
  2621 | D        | Bought a potion of mutation for 88 gold pieces
  2621 | D        | Bought a potion of brilliance for 44 gold pieces
  2621 | D        | Bought a potion of heal wounds for 55 gold pieces
  2621 | D        | Bought a potion of curing for 33 gold pieces
  2724 | D        | Bought a potion of flight for 42 gold pieces
  2724 | D        | Lost mutation: You are agile. (Dex +2) [potion of mutation]
  2724 | D        | Lost mutation: You are frail. (-10% HP) [potion of mutation]
  2724 | D        | Lost mutation: Your magical capacity is low. (-10% MP) [potion of mutation]
  2724 | D        | Gained mutation: You are agile. (Dex +2) [potion of mutation]
  2724 | D        | Gained mutation: Your mind is acute. (Int +2) [potion of mutation]
  2724 | D        | Gained mutation: You can translocate small distances at will. [potion of mutation]
  2725 | D        | Lost mutation: Your mind is acute. (Int +2) [potion of mutation]
  2725 | D        | Lost mutation: You are agile. (Dex +2) [potion of mutation]
  2725 | D        | Lost mutation: You can translocate small distances at will. [potion of mutation]
  2725 | D        | Gained mutation: Your muscles are strong. (Str +2) [potion of mutation]
  2725 | D        | Gained mutation: Your flesh is cold resistant. (rC+) [potion of mutation]
  2825 | D        | Noticed a deep elf annihilator
  2825 | D        | Noticed a mummy priest
  2825 | D        | Killed a deep elf annihilator
  2825 | D        | Reached skill level 15 in Short Blades
  3652 | D        | Killed the 27-headed Lernaean hydra
  3666 | D        | Killed a mummy priest
  3794 | D        | Noticed a deep elf master archer
  3917 | D        | Got the Orb of Zot
  3998 | D        | Escaped with the Orb!

Vault maps used:
D:        dungeon_sprint_1

Skill      XL: |  1  2  3  4  5  6  7  8  9 10 11 12 13 |
---------------+----------------------------------------+-----
Fighting       | 1 2 3 4 5 6 7 8 |  8.7
Short Blades   | 2 4 5 7 8 9 11 12 13 14 15 | 15.1
Dodging        | 4 6 8 10 11 12 14 15 17 18 19 | 19.1
Stealth        | 5 7 9 11 12 14 15 17 18 20 | 20.4
Spellcasting   | 3 5 6 8 9 11 12 13 15 16 | 16.5
Hexes          | 4 5 6 7 8 9 10 11 12 | 12.6
Armour         | 1 2 3 4 5 6 7 8 |  8.0
Shields        | 1 3 5 |  5.1
Charms         | 4 7 |  7.6
Translocations | 3 7 |  7.6
Transmutations | 3 6 |  6.9
Earth Magic    | 2 4 |  4.7

Action                   |  1- 3 |  4- 6 |  7- 9 | 10-12 | 13-15 || total
-------------------------+-------+-------+-------+-------+-------++-------
Melee: Dagger            |    10 |     4 |    21 |    81 |       ||   116
       Quick blade       |       |       |       |    81 |     8 ||    89
 Cast: Corona            |     2 |       |       |       |       ||     2
       Ensorcelled Hiber |       |     1 |     1 |     4 |     5 ||    11
       Confuse           |       |       |     2 |     2 |     4 ||     8
       Dazzling Spray    |       |       |       |    14 |    31 ||    45
       Passwall          |       |       |       |     2 |    10 ||    12
       Passage of Golubr |       |       |       |       |     2 ||     2
Invok: Shadow Step       |       |       |       |    14 |       ||    14
  Use: Potion            |     1 |       |       |     1 |     2 ||     4
       Scroll            |       |       |       |    13 |       ||    13
 Stab: Sleeping          |     1 |     4 |     6 |    44 |     2 ||    57
       Confused          |       |       |     3 |     2 |     1 ||     6
       Invisible         |       |       |       |     6 |     2 ||     8
       Distracted        |       |       |       |       |     1 ||     1
  Eat: Ration            |       |       |       |       |     1 ||     1
Armor: Robe              |       |       |     1 |       |       ||     1
       Troll leather arm |       |       |       |     6 |       ||     6
Dodge: Dodged            |     5 |     1 |     2 |    49 |    10 ||    67
Block: Buckler           |       |       |       |     8 |     4 ||    12

Table legend:
 A = Spawn XP
 B = Non-spawn XP
 C = Spawn XP percentage of total XP
 D = Spawn monster count
 E = Non-spawn monster count
 F = Spawn count percentage of total count
 G = Total turns spent on level
                    A         B        C        D         E        F      G
               +---------+---------+-------+---------+---------+-------+---------
         Total |       0 |   41953 |   0.0 |       0 |      86 |   0.0 |  3998
               +---------+---------+-------+---------+---------+-------+---------
             D |       0 |   41953 |   0.0 |       0 |      86 |   0.0 |  3998
               +---------+---------+-------+---------+---------+-------+---------
